 Dungeon Crawl Stone Soup version 0.30-a0-476-g330ca2eb8e (webtiles) character file.

Game seed: 10715892461079188448

702 tilp the Ducker (level 8, 0/67 HPs)
             Began as a Meteoran Fighter on Dec 21, 2022.
             Shot with an arrow by a centaur (8 damage)
             ... on level 5 of the Dungeon.
             The game lasted 00:07:31 (1315 turns).

tilp the Ducker (Meteoran Fighter)                  Turns: 1315, Time: 00:07:31

Health: 0/67       AC: 13    Str: 17    XL:     8   Next: 18%
Magic:  9/9        EV: 11    Int: 11    God:
Gold:   97         SH:  5    Dex: 15    Spells: 7/7 levels left

rFire   . . .      SeeInvis .    a - +0 long sword
rCold   . . .      Faith    .    c - +0 buckler
rNeg    . . .      Spirit   .    b - +1 scale mail
rPois   .          Reflect  .    h - +0 helmet
rElec   .          Harm     .    (no cloak)
rCorr   .          Rampage  ∞    (no gloves)
Will    +....                    j - +3 pair of seven-league boots {Rampage+∞}
Stlth   +.........               (no amulet)
HPRegen 0.31/turn                f - ring of flight
MPRegen 0.11/turn                (no ring)

@: flying, glowing
A: sense surroundings 1, otherworldly, glowing, explore regen
a: no special abilities


You were on level 5 of the Dungeon.
You visited 1 branch of the dungeon, and saw 6 of its levels.

You collected 97 gold pieces.

Inventory:

Hand Weapons
 a - a +0 long sword (weapon)
Missiles
 e - 9 poisoned darts (quivered)
 o - 32 stones
 t - 4 atropa-tipped darts
Armour
 b - a +1 scale mail (worn)
 c - a +0 buckler (worn)
 h - a +0 helmet (worn)
 j - the +3 pair of seven-league boots (worn) {Rampage+∞}
   (You acquired it on level 5 of the Dungeon)

   Its wearer moves as far as possible in that direction when moving towards
   enemies.
 r - a +0 plate armour
 s - an orb of energy
Jewellery
 f - a ring of flight (left hand)
Wands
 u - a wand of polymorph (9)
Scrolls
 g - 7 scrolls of identify {unknown}
 p - a scroll of vulnerability
 v - a scroll of enchant weapon {unknown}
 w - a scroll of magic mapping {unknown}
Potions
 d - a potion of might
 k - a potion of ambrosia {unknown}
 m - a potion of curing {unknown}
 x - a potion of invisibility {unknown}


   Skills:
 + Level 4.4 Fighting
 + Level 4.5 Long Blades
 + Level 2.0 Throwing
 + Level 4.5 Armour
 + Level 5.5 Dodging
 + Level 2.4 Stealth
 - Level 4.0 Shields
 + Level 1.8 Evocations


You had 7 spell levels left.
You didn't know any spells.
Your spell library was empty.

Dungeon Overview and Level Annotations

Branches:
Dungeon (6/15) Zot: 2228
 Temple: D:4-7

Altars:

Annotations:
D:2 Sigmund


Innate Abilities, Weirdness & Mutations

You passively map a small area around you.
You are easily found by Zot.
You glow in the dark.
You regain HP and MP as you explore.


Message History

The hound barks!
You hit the centaur but do no damage.
The centaur is heavily wounded.
Something hits you but does no damage.
The centaur hits you but does no damage.
The centaur barely misses you.
Unknown command.
You hit the centaur.
The centaur is heavily wounded.
The centaur hits you but does no damage.
The centaur closely misses you. Something hits you but does no damage.
The centaur closely misses you. The centaur barely misses you.
Something hits you but does no damage.
Unknown command.
As you read the scroll labelled LELOEN TIWU, it crumbles to dust.
The scroll dissolves into smoke.
It was a scroll of fog.
The centaur misses you. The centaur kicks you.
* * * LOW HITPOINT WARNING * * *
The centaur hits you but does no damage.
The centaur kicks you but does no damage.
You hear some strange, mumbled words.
A puff of flame appears from out of thin air!
The puff of flame hits you.
* * * LOW HITPOINT WARNING * * *
Unknown command.
Unknown command.
Unknown command.
As you read the scroll labelled IRUUCU TICOR, it crumbles to dust.
It is a scroll of enchant armour.
Your +0 scale mail glows green for a moment.
The centaur hits you but does no damage.
The centaur kicks you but does no damage.
Something hits you but does no damage.
Unknown command.
Unknown command.
The centaur attacks as you move away! The centaur barely misses you.
The centaur kicks you but does no damage.
The centaur wields a +0 shortbow.
The centaur shoots an arrow.
The arrow hits you!
You die...

#######+###....##..####...##
**
#####÷.###....##..####'#### ,
,
........)......#...)..#...##
,...............#...)).#...##
...............#......#....#
,
...............'.....##...##
####...###..##.###...##....#
#...*##§§##§###...##....# , ,
..... #.§@§{§......#)...## ,
..... +.§§§ch.....)'....'.
### ######o########...#.
#.##..###+## ###### ,,
...........# , ...........#
...........# , ...........#
*, .........o.#


You could see a centaur.

Vanquished Creatures
  Grinder (D:5)
  A kobold brigand (D:5)
  2 necrophages (D:5)
  2 scorpions (D:5)
  A howler monkey (D:5)
  A jelly (D:5)
  4 gnolls (D:5)
  4 adders
  An ufetubus (D:5)
  A dart slug (D:1)
  An orc (D:4)
  A bat (D:1)
  4 endoplasms
  A giant cockroach (D:4)
  3 goblins
  3 jackals (D:2)
  3 quokkas
  4 ball pythons
  3 frilled lizards
  11 kobolds
  4 rats
56 creatures vanquished.

Notes
Turn   | Place    | Note
-------+----------+-------------------------------------------
     0 | D:1      | tilp the Meteoran Fighter began the quest for the Orb.
     0 | D:1      | Reached XP level 1. HP: 19/19 MP: 2/2
   119 | D:1      | Reached XP level 2. HP: 19/26 MP: 3/3
   186 | D:1      | Reached skill level 1 in Dodging
   282 | D:2      | Reached XP level 3. HP: 30/31 MP: 4/4
   356 | D:2      | Noticed Sigmund
   527 | D:4      | Reached skill level 2 in Dodging
   530 | D:5      | Entered Level 5 of the Dungeon
   539 | D:5      | Reached skill level 1 in Stealth
   539 | D:5      | Reached XP level 4. HP: 18/40 MP: 5/5
   548 | D:5      | Noticed a necrophage
   859 | D:4      | Reached XP level 5. HP: 34/46 MP: 6/6
  1003 | D:5      | Killed a necrophage
  1004 | D:5      | Reached skill level 3 in Dodging
  1048 | D:5      | Reached XP level 6. HP: 31/52 MP: 7/7
  1058 | D:5      | Reached skill level 4 in Dodging
  1058 | D:5      | Noticed an ogre
  1061 | D:5      | an ogre changed into a scorpion
  1075 | D:5      | Reached XP level 7. HP: 8/59 MP: 8/8
  1091 | D:5      | Noticed Grinder
  1093 | D:5      | Identified a scroll of acquirement
  1093 | D:5      | Acquired the +3 pair of seven-league boots {Rampage+∞}
  1093 | D:5      | Found the +3 pair of seven-league boots {Rampage+∞}
  1093 | D:5      | Paralysed by Grinder for 3 turns
  1110 | D:5      | Paralysed by Grinder for 5 turns
  1123 | D:5      | Paralysed by Grinder for 3 turns
  1133 | D:5      | Killed Grinder
  1134 | D:5      | Reached skill level 5 in Dodging
  1134 | D:5      | Reached skill level 1 in Throwing
  1134 | D:5      | Reached skill level 1 in Evocations
  1157 | D:5      | Reached XP level 8. HP: 17/67 MP: 9/9
  1315 | D:5      | Shot with an arrow by a centaur

Illustrated notes

Levels and vault maps discovered:
D:1:      sevenhm_arrival_forest_fort_large_4, layout_loops_ring
D:2:      minmay_spotlight, layout_rooms,
          hellmonk_ecumenical_altar_leap_of_faith, basic_altar, uniq_sigmund
D:3:      corexii_shack_village, layout_loops_ring, serial_park_tiny_pond,
          uniq_natasha
D:4:      layout_loops_ring
D:5:      layout_gridville, grunt_temple_overflow_open,
          chequers_serial_rivers_micro_e, uniq_grinder
D:6:      layout_layer_cave, mainiacjoe_overflow_boulevard,
          nicolae_overflow_squiral, grunt_gozag_statues,
          mainiacjoe_overflow_small_starburst,
          minmay_temple_entry_drinking_statues, uniq_crazy_yiuf_cottage,
          uniq_edmund

Skill      XL: |  1  2  3  4  5  6  7  8 |
---------------+-------------------------+-----
Dodging        | 1 2 3 4 5 |  5.5
Armour         | 4 |  4.5
Stealth        | 1 2 |  2.4
Shields        | 4 |  4.0
Long Blades    | 3 4 |  4.5
Fighting       | 4 |  4.4
Throwing       | 1 2 |  2.0
Evocations     | 1 |  1.8

Action                   |  1- 3 |  4- 6 |  7- 9 || total
-------------------------+-------+-------+-------++-------
Melee: Long sword        |   106 |    72 |    81 ||   259
       Unarmed           |     3 |       |       ||     3
Throw: Dart              |       |       |     1 ||     1
Evoke: Wand              |       |     1 |       ||     1
  Use: Potion            |     1 |       |     3 ||     4
       Scroll            |       |       |     5 ||     5
Armor: Scale mail        |    59 |    25 |    72 ||   156
Dodge: Dodged            |    37 |    27 |    68 ||   132
Block: Buckler           |    30 |    22 |    28 ||    80

Table legend: (Time is in decaauts)
 A = Elapsed time spent in this place.
 B = Non-inter-level travel time spent in this place.
 C = Inter-level travel time spent in this place.
 D = Time resting spent in this place.
 E = Time spent auto-exploring this place.
 F = Levels seen in this place.
 G = Mean time per level.
                   A        B        C        D        E       F      G
               +--------+--------+--------+--------+--------+-----+--------+
         Total |   1370 |   1285 |     85 |      3 |      0 |   6 |  228.3 |
       Dungeon |   1370 |   1285 |     85 |      3 |      0 |   6 |  228.3 |
               +--------+--------+--------+--------+--------+-----+--------+

Top non-repeatable levels by time:
     D:4: 474 daAuts
     D:5: 371 daAuts
     D:1: 268 daAuts
     D:2: 203 daAuts
     D:3: 50 daAuts
     D:6: 1 daAuts
